 Dungeon Crawl Stone Soup version 0.31.0-32-g396128a36d (webtiles) character file.

Game seed: 15571695770531532272

10992 PaiMei the Purveyor of Pain (level 11, -7/89 HPs)
             Began as a Demonspawn Necromancer on Apr 16, 2024.
             Was an Initiate of Kikubaaqudgha.
             Drowned by a water elemental (15 damage)
             ... on level 10 of the Dungeon.
             The game lasted 00:23:41 (17919 turns).

PaiMei the Purveyor of Pain (DsNe)                 Turns: 17919, Time: 00:23:42

Health: -7/89      AC: 12    Str:  9    XL:     11   Next: 43%
Magic:  32/32      EV: 21    Int: 23    God:    Kikubaaqudgha [......]
Gold:   480        SH:  0    Dex: 18    Spells: 10/27 levels left

rFire   . . .        u - +2 hammer (venom)
rCold   + . .        (no shield)
rNeg    . . .        Q - +1 troll leather armour
rPois   .            w - +1 hat
rElec   .            O - +0 cloak of the Salmon {rC+ Int+4 Dex+4}
rCorr   .            K - +0 pair of gloves
SInv    .            H - +0 pair of boots
Will    .....        (no amulet)
Stlth   ++           L - +4 ring of protection
HPRegen 1.14/turn    C - ring of magical power
MPRegen 0.23/turn

%: no passive effects
@: agile, engulfed (cannot breathe)
A: horns 1, powered by pain 2, weakness stinger 1, demonic touch 2
a: Renounce Religion


You were on level 10 of the Dungeon.
You worshipped Kikubaaqudgha.
Kikubaaqudgha was noncommittal.
You visited 2 branches of the dungeon, and saw 12 of its levels.
You also visited: Bailey.

You collected 679 gold pieces.
You spent 199 gold pieces at shops.

Inventory:

Hand Weapons
 t - the +7 rapier of Joonunu {distort, Dex+2}
   (You found it on level 8 of the Dungeon)

   Dex+2:     It affects your dexterity (+2).
 u - a +2 hammer of venom (weapon)
Missiles
 g - 28 poisoned darts (quivered)
 Y - 2 curare-tipped darts
Armour
 h - an orb of energy
 v - a +2 chain mail of cold resistance
 w - a +1 hat (worn)
 H - a +0 pair of boots (worn)
 K - a +0 pair of gloves (worn)
 O - the +0 cloak of the Salmon (worn) {rC+ Int+4 Dex+4}
   (You bought it in a shop on level 7 of the Dungeon)

   Int+4:     It affects your intelligence (+4).
   Dex+4:     It affects your dexterity (+4).
   rC+:       It protects you from cold.
 Q - a +1 troll leather armour (worn)
Jewellery
 d - a +5 ring of evasion
 y - an amulet of guardian spirit
 z - a ring of protection from cold
 C - a ring of magical power (right hand)
 L - a +4 ring of protection (left hand)
 X - a ring of magical power
Wands
 s - a wand of flame (43)
 D - a wand of charming (12)
 M - a wand of polymorph (11)
 N - a wand of mindburst (5)
 S - a wand of acid (5)
Scrolls
 a - a scroll of revelation {unknown}
 i - a scroll of fog {unknown}
 m - 2 scrolls of brand weapon
 o - a scroll of fear {unknown}
 p - 2 scrolls of vulnerability
 r - 2 scrolls of amnesia
 x - 5 scrolls of teleportation
 B - a scroll of blinking {unknown}
 E - 2 scrolls of enchant armour
 F - a scroll of enchant weapon {unknown}
 P - a scroll of immolation {unknown}
 U - a scroll of noise {unknown}
Potions
 b - 2 potions of magic
 c - 2 potions of heal wounds
 e - 5 potions of mutation
 f - a potion of might {unknown}
 k - a potion of invisibility {unknown}
 l - 3 potions of curing
 n - 2 potions of enlightenment {unknown}
 A - a potion of haste {unknown}
 G - a potion of ambrosia {unknown}
 I - a potion of berserk rage {unknown}
 J - 2 potions of lignification {unknown}
 R - a potion of experience
 T - 2 potions of resistance
 V - a potion of brilliance {unknown}
 W - a potion of attraction {unknown}


   Skills:
 + Level 9.0 Fighting
 + Level 8.6 Dodging
 - Level 2.3 Stealth
 + Level 8.7 Spellcasting
 + Level 11.0 Necromancy


You had 10 spell levels left.
You knew the following spells:

 Your Spells              Type           Power      Damage    Failure   Level
a - Necrotise             Necr           100%       1d9       1%          1
b - Vampiric Draining     Necr           57%        2d10      1%          3
c - Animate Dead          Necr           57%        N/A       1%          4
d - Curse of Agony        Necr           57%        N/A       2%          5
e - Dispel Undead         Necr           57%        3d20      1%          4

Your spell library contained the following spells:

 Spells                   Type           Power      Damage    Failure   Level
 Kiss of Death            Conj/Necr      100%       2d13      1%          1
 Fugue of the Fallen      Necr           57%        N/A       1%          3
 Cigotuvi's Dreadful Rot  Necr/Alch/Air  52%        N/A       3%          2
 Freeze                   Ice            40%        1d6       9%          1
 Shock                    Conj/Air       40%        1d5       9%          1
 Sting                    Conj/Alch      40%        1d5       9%          1
 Martyr's Knell           Necr/Summ      35%        N/A       10%         4
 Lesser Beckoning         Tloc           20%        N/A       14%         2
 Mercury Vapours          Alch/Air       20%        N/A       14%         2
 Confusing Touch          Hex            10%        N/A       26%         3
 Frozen Ramparts          Ice            20%        1d4       26%         3
 Gell's Gravitas          Tloc           10%        N/A       26%         3
 Hailstorm                Conj/Ice       10%        3d6       26%         3
 Ozocubu's Armour         Ice            10%        N/A       26%         3
 Passwall                 Erth           10%        N/A       26%         3
 Swiftness                Air            10%        N/A       26%         3
 Teleport Other           Tloc           10%        N/A       26%         3
 Airstrike                Air            5%         2d(1-17)  65%         4
 Ignite Poison            Fire/Alch      10%        N/A       65%         4
 Manifold Assault         Tloc           10%        N/A       65%         4
 Olgreb's Toxic Radiance  Alch           10%        N/A       65%         4
 Sticky Flame             Fire/Alch      10%        2d5       65%         4
 Freezing Cloud           Conj/Ice/Air   5%         6-21      94%         5
 Summon Forest            Summ/Tloc      5%         N/A       94%         5
 Malign Gateway           Summ/Tloc      5%         N/A       100%        7
 Ignition                 Fire           5%         3d4       100%        8


Dungeon Overview and Level Annotations

Branches:
Dungeon (11/15)            Temple (1/1) D:4            Lair (0/5) D:9
 Bailey (visited)
    Orc: D:9-12

Altars:
Ashenzari
Cheibriados
Dithmenos
Fedhas
Gozag
Hepliaklqana
Kikubaaqudgha
Makhleb
Nemelex Xobeh
Okawaru
Qazlal
Ru
Sif Muna
Trog
Uskayaw
Vehumet
Wu Jian
Xom
Yredelemnul
Lugonu

Shops:
D:1 [   D:7 :[[=

Annotations:
D:4 2 transporters, TacoSundae's ghost, amateur GnSh
D:5 1 runed translucent door, RotoRooter's ghost, amateur DrSh


Innate Abilities, Weirdness & Mutations

You have a pair of small horns on your head.
You sometimes gain power by taking damage.
You have a small tail.
Your touch may inflict irresistible damage on your foes.


Message History

The water elemental is heavily damaged.
Your lungs strain for air!
The water elemental completely misses you.
You completely miss the water elemental.
Your touch misses the water elemental.
The water elemental is heavily damaged.
* * * LOW HITPOINT WARNING * * *
Your lungs strain for air!
The water elemental completely misses you.
The water elemental closely misses you.
You feel much better.
Your lungs strain for air!
The water elemental barely misses you.
You hit the water elemental.
You headbutt the water elemental, but do no damage.
You touch the water elemental!
The water elemental is severely damaged.
Your lungs strain for air!
The water elemental misses you.
You hit the water elemental.
The water elemental is severely damaged.
* * * LOW HITPOINT WARNING * * *
Your lungs strain for air!
The water elemental misses you.
You hit the water elemental.
Your headbutt misses the water elemental.
The water elemental is severely damaged.
* * * LOW HITPOINT WARNING * * *
Your lungs strain for air!
The water elemental hits you.
* * * LOW HITPOINT WARNING * * *
The water elemental closely misses you.
You feel much better.
* * * LOW HITPOINT WARNING * * *
Your lungs strain for air!
The water elemental closely misses you.
You hit the water elemental.
The water elemental is almost destroyed.
You die...
Kikubaaqudgha rasps: "You have failed me!
Welcome... death!"

######### #<# #.......# #.#
#.#####.# #.# #.#.....# #.#
#.#.##################.#
#.#....................#
#.#########################
##.).......................#
................@E..######.#
################.##.# #.#
############ #.##.# #.#
##..........# ##.##.# #.#
............# #.....# #.#
............# #..#### #.#
............# #..# #.#
.......!....# #..#########.#
............###..#.........#


You could see a water elemental.

Vanquished Creatures
  2 two-headed ogres
  A harpy (shapeshifter) (D:10)
  Maggie (D:8)
  2 trolls
  Grinder (D:4)
  Prince Ribbit (D:7)
  A shadow (D:10)
  2 wraiths (D:10)
  7 yaks
  A steam dragon (D:8)
  An acid dragon (D:8)
  3 water moccasins
  2 ice beasts
  12 orc warriors
  A black bear (D:7)
  3 ogres
  3 wolves (D:9)
  13 centaurs
  2 phantoms
  A kobold brigand (D:7)
  Blork the orc (D:4)
  A bullfrog (D:9)
  2 gnoll sergeants
  4 scorpions
  12 wights
  2 electric eels (D:9)
  A crimson imp (D:5)
  2 bombardier beetles (D:5)
  9 hounds
  Crazy Yiuf (D:3)
  2 jellies
  A gnoll bouda (D:7)
  3 orc priests (D:7)
  2 sleepcaps
  2 orc wizards (D:5)
  Robin (D:3)
  21 gnolls
  3 adders
  A white imp (D:6)
  2 ufetubi (D:5)
  2 ribbon worms
  3 dart slugs (D:4)
  34 orcs
  9 ball pythons
  7 endoplasms
  3 giant cockroaches
  13 goblins
  6 hobgoblins
  2 quokkas
  3 bats
  6 frilled lizards
  19 kobolds
  6 rats
246 creatures vanquished.

Vanquished Creatures (collateral kills)
  Sonja (D:10)
  2 yaks (D:10)
  A kobold brigand (D:9)
  3 gnolls (D:10)
  An orc (D:3)
  A goblin (D:1)
  A quokka (D:3)
  A ball python (D:2)
  2 kobolds (D:9)
13 creatures vanquished.

Vanquished Creatures (others)
  An orc warrior (Bailey)
  2 centaur zombies (Bailey)
  6 orc zombies (Bailey)
  2 orcs (Bailey)
11 creatures vanquished.

Grand Total: 270 creatures vanquished

Notes
Turn   | Place    | Note
-------+----------+-------------------------------------------
     0 | D:1      | PaiMei the Demonspawn Necromancer began the quest for the
                  | Orb.
     0 | D:1      | Reached XP level 1. HP: 13/13 MP: 3/3
   699 | D:1      | Discovered your monstrous ancestry.
   699 | D:1      | Gained mutation: You have a small tail. [demonic ancestry]
   699 | D:1      | Reached XP level 2. HP: 19/19 MP: 0/5
  1156 | D:1      | Found Dacoj's Antique Armour Shoppe.
  1549 | D:2      | Gained mutation: You sometimes gain a little power by
                  | taking damage. [demonic ancestry]
  1549 | D:2      | Reached XP level 3. HP: 24/24 MP: 3/6
  1553 | D:2      | Learned a level 3 spell: Vampiric Draining
  1598 | D:2      | Found a faded altar of an unknown god.
  2208 | D:3      | Found a broken altar of Ashenzari.
  2558 | D:3      | Reached skill level 1 in Fighting
  2558 | D:3      | Reached XP level 4. HP: 16/32 MP: 4/7
  2662 | D:3      | Noticed Robin
  2710 | D:3      | Killed Robin
  2711 | D:3      | Reached skill level 5 in Necromancy
  2947 | D:3      | Found a radiant altar of Vehumet.
  3065 | D:3      | Got Roclioc's Almanac of the Flinty Boggart
  3090 | D:3      | Found a runed translucent door.
  3091 | D:3      | Noticed Crazy Yiuf
  3231 | D:3      | Gained mutation: You sometimes gain power by taking damage.
                  | [demonic ancestry]
  3231 | D:3      | Reached XP level 5. HP: 32/37 MP: 2/9
  4478 | D:3      | Killed Crazy Yiuf
  4783 | D:4      | Gained mutation: Your touch may inflict minor irresistible
                  | damage on your foes. [demonic ancestry]
  4783 | D:4      | Reached XP level 6. HP: 46/46 MP: 5/11
  4936 | D:4      | Found an opulent altar of Gozag.
  5113 | D:4      | Found a staircase to the Ecumenical Temple.
  5121 | Temple   | Entered the Ecumenical Temple
  5158 | D:4      | Found a transporter.
  5162 | D:4      | Noticed TacoSundae's ghost (amateur GnSh)
  5169 | D:4      | Found a transporter.
  5173 | D:4      | Noticed an ancient zyme
  5217 | D:4      | Noticed Blork the orc
  5227 | D:4      | Killed Blork the orc
  5348 | D:4      | Noticed Grinder
  5399 | D:4      | You fall into a shaft and drop 3 floors!
  5400 | D:7      | Found Buckeehuosu's Jewellery Boutique.
  5403 | D:7      | Found Pofumo's Antique Armour Emporium.
  5581 | D:6      | Reached skill level 6 in Necromancy
  5581 | D:6      | Gained mutation: Your touch may inflict irresistible damage
                  | on your foes. [demonic ancestry]
  5581 | D:6      | Reached XP level 7. HP: 52/52 MP: 11/13
  5770 | D:5      | Entered Level 5 of the Dungeon
  5774 | D:5      | Found a snail-covered altar of Cheibriados.
  5775 | D:5      | Found a shimmering altar of Xom.
  5787 | D:5      | Found a sacrificial altar of Ru.
  6034 | D:4      | Paralysed by Grinder for 4 turns
  6041 | D:4      | Paralysed by Grinder for 2 turns
  6066 | D:4      | Killed Grinder
  6546 | D:5      | Found a shadowy altar of Dithmenos.
  6576 | D:5      | Noticed RotoRooter's ghost (amateur DrSh)
  6579 | D:5      | Found a runed translucent door.
  6864 | D:5      | Gained mutation: You have a pair of small horns on your
                  | head. [demonic ancestry]
  6864 | D:5      | Reached XP level 8. HP: 60/60 MP: 5/15
  7189 | D:5      | Found a burning altar of Makhleb.
  7201 | D:5      | Reached skill level 7 in Necromancy
  7378 | D:6      | Reached skill level 5 in Spellcasting
  7592 | D:6      | Reached skill level 5 in Dodging
  7597 | D:6      | Reached skill level 5 in Fighting
  8707 | D:7      | Noticed Prince Ribbit
  8716 | D:7      | Killed Prince Ribbit
  9104 | D:7      | Found Gaajor Mouf's Book Boutique.
  9122 | D:7      | Reached XP level 9. HP: 57/68 MP: 8/17
  9233 | D:7      | Reached skill level 8 in Necromancy
  9906 | D:7      | Found Qymuv's Antique Armour Shoppe.
  9939 | D:7      | Bought a faintly humming cloak for 199 gold pieces
  9939 | D:7      | Identified the +0 cloak of the Salmon {rC+ Int+4 Dex+4}
                  | (You bought it in a shop on level 7 of the Dungeon)
 10532 | D:8      | Found a flagged portal.
 10539 | Bailey   | Entered a bailey
 11401 | Bailey   | Learned a level 4 spell: Animate Dead
 11407 | Bailey   | Learned a level 5 spell: Curse of Agony
 11412 | Bailey   | Learned a level 4 spell: Dispel Undead
 11443 | Bailey   | Reached skill level 9 in Necromancy
 11567 | Bailey   | Reached XP level 10. HP: 20/77 MP: 10/20
 13273 | D:8      | Identified the +7 rapier of Joonunu {distort, Dex+2}
 13316 | D:8      | Noticed Maggie
 13329 | D:8      | Killed Maggie
 13827 | D:9      | Found a staircase to the Lair.
 14359 | D:9      | Reached skill level 10 in Necromancy
 15006 | D:9      | Found an ancient bone altar of Kikubaaqudgha.
 15028 | D:9      | Noticed a two-headed ogre
 15414 | D:9      | Found a bloodstained altar of Trog.
 16141 | D:9      | Became a worshipper of Kikubaaqudgha
 16241 | D:9      | Killed a two-headed ogre
 16242 | D:9      | Reached XP level 11. HP: 32/87 MP: 23/23
 16421 | D:10     | Entered Level 10 of the Dungeon
 16461 | D:10     | Noticed a two-headed ogre
 16466 | D:10     | Killed a two-headed ogre
 16536 | D:10     | Noticed a harpy
 16543 | D:10     | Killed a harpy
 17166 | D:10     | Found a stormy altar of Qazlal.
 17524 | D:10     | Noticed Sonja
 17539 | D:10     | Killed Sonja
 17648 | D:10     | Reached skill level 11 in Necromancy
 17917 | D:10     | HP: 3/89 [drowned by a water elemental (14)]
 17919 | D:10     | Drowned by a water elemental

Illustrated notes

Levels and vault maps discovered:
D:1:      dpeg_arrival_pits, layout_basic, serial_shops, shop
D:2:      layout_loops_ring, shapermc_ecumenical_altar_totnotflames,
          solitary_fountain, serial_bayou_pond_a
D:3:      layout_loops_cross, vehumet_altar_wand_db,
          mainiacjoe_overflow_alcove_4, cheibrodos_gnoll_hut, uniq_robin,
          uniq_crazy_yiuf_cottage
D:4:      layout_loops_ring, lemuel_crystal_altar,
          minmay_temple_entry_crystal_x, gammafunk_ghost_abyssal_escape,
          uniq_grinder, uniq_blork_the_orc
D:5:      layout_basic, makhleb_grotto_becter, elyvilon_altar_5,
          nicolae_overflow_quartered_altars, lemuel_crystal_altar,
          hellmonk_ghost_happy_afterlife
D:6:      minmay_general_purpose_star, layout_gridville,
          kennysheep_decorative_pillar
D:7:      layout_gridville, serial_shops, nicolae_shop_hallway_plus,
          nicolae_inconvenience_store, shop, nicolae_square_shop,
          uniq_prince_ribbit1
D:8:      layout_loops_cross, enter_bailey_2, minmay_chambers_of_fives,
          uniq_maggie
D:9:      layout_big_octagon, trog_three_pillars_becter,
          kiku_gazebo_pond_becter, erik_lair_island
D:10:     layout_basic, kennysheep_mini, uniq_sonja
D:11:     layout_basic, orc_0_dummy, serial_shops, shop, uniq_erolcha
Temple:   corrupted_temple

Skill      XL: |  1  2  3  4  5  6  7  8  9 10 11 |
---------------+----------------------------------+-----
Stealth        | 2 |  2.3
Dodging        | 2 3 4 5 6 8 |  8.6
Fighting       | 1 2 3 4 5 6 8 9 |  9.0
Necromancy     | 5 6 7 9 10 11 | 11.0
Spellcasting   | 3 4 5 6 8 |  8.7

Action                     |  1- 3 |  4- 6 |  7- 9 | 10-12 || total
---------------------------+-------+-------+-------+-------++-------
  Melee: Unarmed           |    10 |       |       |       ||    10
         Short sword       |    19 |    34 |       |       ||    53
         Tailslap          |     1 |     6 |     4 |    14 ||    25
         Mace              |       |    26 |    54 |    71 ||   151
         Touch             |       |     3 |    13 |    17 ||    33
         Headbutt          |       |       |     4 |    18 ||    22
         Punch             |       |       |       |     3 ||     3
   Cast: Necrotise         |    72 |   100 |   147 |   120 ||   439
         Vampiric Draining |       |    12 |    89 |    81 ||   182
         Animate Dead      |       |       |     1 |     3 ||     4
         Curse of Agony    |       |       |       |     2 ||     2
         Dispel Undead     |       |       |       |     8 ||     8
  Evoke: Wand              |       |       |     1 |       ||     1
    Use: Scroll            |       |       |       |     9 ||     9
         Potion            |       |       |       |     2 ||     2
   Stab: Sleeping          |     1 |     1 |       |       ||     2
 Armour: Robe              |    16 |    41 |   131 |    35 ||   223
         Troll leather arm |       |       |       |   148 ||   148
  Dodge: Dodged            |    36 |    87 |   174 |   213 ||   510
